 Dungeon Crawl Stone Soup version 0.30-a0-1075-gcd70e7a56d (webtiles) character file.

Game seed: 14726749895457511433

124 Pimp the Trooper (level 4, -1/37 HPs)
             Began as a Demonspawn Fighter on Apr 14, 2023.
             Killed by nerve-wracking pain
             ... invoked by Grinder
              (3 damage)
             ... on level 3 of the Dungeon.
             The game lasted 00:05:11 (1698 turns).

Pimp the Trooper (Demonspawn Fighter)               Turns: 1698, Time: 00:05:12

Health: -1/37      AC: 11    Str: 18    XL:     4   Next: 81%
Magic:  4/4        EV:  9    Int: 10    God:
Gold:   126        SH:  4    Dex: 12    Spells: 3/3 levels left

rFire   . . .      SeeInvis .    a - +1 war axe (protect)
rCold   . . .      Faith    .    c - +0 buckler
rNeg    . . .      Spirit   .    b - +0 scale mail
rPois   .          Reflect  .    (helmet restricted)
rElec   .          Rampage  .    (no cloak)
rCorr   .                        j - +1 pair of gloves
Will    .....                    (no boots) Stlth
                                 (no amulet)
HPRegen 0.26/turn                (no ring)
MPRegen 0.09/turn                (no ring)

@: no status effects
A: horns 1, thin metallic scales 1, demonic magic 1
a: no special abilities


You were on level 3 of the Dungeon.
You visited 1 branch of the dungeon, and saw 3 of its levels.

You collected 126 gold pieces.

Inventory:

Hand Weapons
 a - a +1 war axe of protection (weapon)
Missiles
 k - a throwing net (quivered)
Armour
 b - a +0 scale mail (worn)
 c - a +0 buckler (worn)
 j - a +1 pair of gloves (worn)
Scrolls
 h - 2 scrolls of blinking
 i - a scroll of poison
 m - a scroll of teleportation
Potions
 d - a potion of might
 e - a potion of heal wounds {unknown}
 f - 2 potions of haste {unknown}
 g - a potion of brilliance {unknown}
 l - a potion of curing
 n - 4 potions of cancellation {unknown}
 o - 2 potions of magic {unknown}
 p - a potion of ambrosia {unknown}


   Skills:
 + Level 3.8 Fighting
 + Level 2.7 Axes
 + Level 3.4 Armour
 + Level 3.4 Shields


You had 3 spell levels left.
You didn't know any spells.
Your spell library was empty.

Dungeon Overview and Level Annotations

Branches:
Dungeon (3/15)

Altars:
Trog

Shops:
D:1 [

Annotations:
D:3 Grinder


Innate Abilities, Weirdness & Mutations

You have a pair of small horns on your head.
You are partially covered in thin metallic scales. (AC +2)
Spells you cast may paralyse adjacent enemies.


Message History

Grinder is severely wounded.
Grinder blinks!
It was a potion of curing.
You feel better.
You barely miss Grinder. You headbutt Grinder.
Grinder is almost dead.
Grinder hits you but does no damage.
You completely miss Grinder. You headbutt Grinder.
Grinder is almost dead.
Grinder gestures at you.
You suddenly lose the ability to move!
Grinder hits you.
You writhe in agony.
* * * LOW HITPOINT WARNING * * *
Grinder gestures at you. Pain shoots through your body!
* * * LOW HITPOINT WARNING * * *
Grinder hits you but does no damage.
You can move again.
You feel better. Grinder gestures at you. You resist with significant effort.
You closely miss Grinder.
Grinder is almost dead.
Grinder blinks! x2
Grinder hits you.
* * * LOW HITPOINT WARNING * * *
You writhe in agony.
* * * LOW HITPOINT WARNING * * *
You closely miss Grinder. Your headbutt misses Grinder.
Grinder is almost dead.
You block Grinder's attack.
You feel better. Grinder hits you.
* * * LOW HITPOINT WARNING * * *
You writhe in agony.
* * * LOW HITPOINT WARNING * * *
You barely miss Grinder. Your headbutt misses Grinder.
Grinder is almost dead.
Grinder hits you but does no damage. Grinder gestures at you.
Pain shoots through your body!
You die...

#.........# #.#.......
...........## #.#######.
##########.###. #.# ##
.###.######## #.#### # #
.. ....... ..###...# #
...# #.#...# #.#.##.# #
#.###.#...#####.###)####
#.......5.>.##..........
#......@............####
#.##...†....#######.#
#..#...### #.# #..#...#
#.# #..#...# #.#
#........ #.# #.........
..# #.........# ##.
...####


You could see Grinder.

Vanquished Creatures
  An orc wizard (D:3)
  An adder (D:2)
  3 dart slugs (D:1)
  13 orcs (D:3)
  8 ball pythons
  5 bats
  7 endoplasms
  2 giant cockroaches
  3 hobgoblins
  3 quokkas
  4 frilled lizards
  6 goblins
  8 kobolds
  3 rats
67 creatures vanquished.

Vanquished Creatures (others)
  A plant (D:1)
1 creature vanquished.

Grand Total: 68 creatures vanquished

Notes
Turn   | Place    | Note
-------+----------+-------------------------------------------
     0 | D:1      | Pimp the Demonspawn Fighter began the quest for the Orb.
     0 | D:1      | Reached XP level 1. HP: 18/18 MP: 1/1
    33 | D:1      | Found Woulot's Armour Boutique.
   139 | D:1      | Gained mutation: Spells you cast may paralyse adjacent
                  | enemies. [demonic ancestry]
   139 | D:1      | Reached XP level 2. HP: 24/24 MP: 2/2
   468 | D:1      | Found a faded altar of an unknown god.
   521 | D:1      | Gained mutation: You have a pair of small horns on your
                  | head. [demonic ancestry]
   521 | D:1      | Reached XP level 3. HP: 27/29 MP: 3/3
  1252 | D:3      | Gained mutation: You are partially covered in thin metallic
                  | scales. (AC +2) [demonic ancestry]
  1252 | D:3      | Reached XP level 4. HP: 35/35 MP: 4/4
  1310 | D:3      | Noticed Grinder
  1349 | D:3      | Found a bloodstained altar of Trog.
  1689 | D:3      | Paralysed by Grinder for 4 turns
  1697 | D:3      | HP: 1/37 [Grinder (6)]
  1698 | D:3      | Killed from afar by Grinder

Illustrated notes

Levels and vault maps discovered:
D:1:      mrwooster_arrival_statue_3, layout_loops_ring, serial_shops,
          nicolae_square_shop, shapermc_ecumenical_altar_mp_urbaneastern
D:2:      layout_basic, kennysheep_generic_room_3
D:3:      layout_loops_ring, mainiacjoe_overflow_brackets, lemuel_round_altar,
          gammafunk_temple_overflow_arena, uniq_grinder

Skill      XL: |  1  2 |
---------------+-------+-----
Axes           | 2 |  2.7
Armour         | 3 |  3.4
Shields        | 3 |  3.4
Fighting       | |  3.8

Action                     |  1- 3 |  4- 6 || total
---------------------------+-------+-------++-------
  Melee: War axe           |   108 |    56 ||   164
         Headbutt          |     7 |    10 ||    17
    Use: Scroll            |     3 |     2 ||     5
         Potion            |       |     3 ||     3
 Armour: Scale mail        |    84 |    41 ||   125
  Dodge: Dodged            |    51 |    24 ||    75
  Block: Buckler           |    23 |    10 ||    33

Table legend: (Time is in decaauts)
 A = Elapsed time spent in this place.
 B = Non-inter-level travel time spent in this place.
 C = Inter-level travel time spent in this place.
 D = Time resting spent in this place.
 E = Time spent auto-exploring this place.
 F = Levels seen in this place.
 G = Mean time per level.
                   A        B        C        D        E       F      G
               +--------+--------+--------+--------+--------+-----+--------+
         Total |   1768 |   1680 |     88 |    126 |   1046 |   3 |  589.3 |
       Dungeon |   1768 |   1680 |     88 |    126 |   1046 |   3 |  589.3 |
               +--------+--------+--------+--------+--------+-----+--------+

Top non-repeatable levels by time:
     D:1: 792 daAuts
     D:2: 496 daAuts
     D:3: 479 daAuts
